 Dungeon Crawl Stone Soup version 0.18.1-6-gd335043 (webtiles) character file.

140 shmeve the Shield-Bearer (level 5, -1/42 HPs)
             Began as a Formicid Fighter on May 15, 2016.
             Killed by divine providence
             ... invoked by an orc priest
              (16 damage)
             ... on level 3 of the Dungeon.
             The game lasted 00:03:52 (1815 turns).

shmeve the Shield-Bearer (Formicid Fighter)         Turns: 1815, Time: 00:03:53

Health: -1/42      AC:  8    Str: 22    XL:     5   Next: 46%
Magic:  5/5        EV:  8    Int:  7    God:
Gold:   84         SH: 11    Dex: 10    Spells: 0 memorised, 4 levels left

rFire  . . .     SeeInvis +     a - +0 war axe
rCold  . . .     Gourm    .     b - +0 scale mail
rNeg   . . .     Faith    .     c - +1 shield
rPois  .         Spirit   .     (helmet unavailable)
rElec  .         Dismiss  .     (no cloak)
rCorr  .         Reflect  .     q - +0 pair of gloves
SustAt .         Harm     .     (no boots)
MR     .....                    (no amulet)
Stlth  ..........               (no ring)
                                (no ring)

@: not resistant to hostile enchantments, extremely unstealthy
A: permanent stasis, dig shafts and tunnels, four strong arms, antennae 3
a: Dig, Shaft Self


You were on level 3 of the Dungeon.
You were not hungry.

You visited 1 branch of the dungeon, and saw 3 of its levels.

You collected 84 gold pieces.

Inventory:

Hand Weapons
 a - a +0 war axe (weapon)
Armour
 b - a +0 scale mail (worn)
 c - a +1 shield (worn)
 q - a +0 pair of gloves (worn)
Scrolls
 e - a scroll of magic mapping
 k - a scroll of random uselessness
 l - 4 scrolls of enchant armour
 n - 2 scrolls of identify
 p - 2 scrolls of immolation
 s - 2 scrolls of noise {unknown}
Potions
 d - a potion of might
 g - 3 potions of haste {unknown}
 h - a potion of magic {unknown}
 i - 3 potions of berserk rage {unknown}
 m - a potion of flight {unknown}
 o - a potion of curing {unknown}
Comestibles
 f - 3 bread rations
 j - 2 slices of pizza
 r - a meat ration


   Skills:
 * Level 4.1 Fighting
 * Level 3.3 Axes
 + Level 3.8 Armour
 + Level 1.0 Dodging
 * Level 4.6 Shields


You had 4 spell levels left.
You didn't know any spells.

Dungeon Overview and Level Annotations

Branches:
Dungeon (3/15)

Altars:
Makhleb
Vehumet


Innate Abilities, Weirdness & Mutations

You are under a permanent stasis effect.
You can dig through walls and to a lower floor.
Your four strong arms can wield two-handed weapons with a shield.
You have a pair of large antennae on your head (SInv).


Message History

Pain shoots through your body!
You barely miss the orc priest.
The orc priest is moderately wounded.
You block the orc priest's attack.
The orc priest hits you with a falchion.
You barely miss the orc priest.
The orc priest is moderately wounded.
You block the orc priest's attack.
Your shield prevents you from hitting the orc priest.
The orc priest is moderately wounded.
You block the orc priest's attack.
You hit the orc priest but do no damage.
The orc priest is moderately wounded.
The orc priest completely misses you.
You hit the orc priest.
The orc priest is moderately wounded.
The orc priest hits you but does no damage.
The orc priest calls down the wrath of Beogh upon you.
Beogh smites you!
You die...

...................####^.......#*
........................#.#######
.....†.....................#...#.
........#..........####..#.......
#......##..........# #..#>......
##..######........#* #..#.......
##...# ##......#* ##.#.......
###.# **#..)## #..##......
#.#######.#o@### ##........#.
#....<).#.##)..###..###......
#####.........####...............
#.............######.....##.#.##.
.......................####.#<###
.....).........................##
....†.......#....###...######....
................#####...# ##.....
.........####>....###.#.# #......


You could see an orc priest.

Vanquished Creatures
  3 gnolls (D:3)
  5 adders
  2 worms
  2 dart slugs
  A giant gecko (D:3)
  5 orcs (D:3)
  3 bats
  5 giant cockroaches
  5 hobgoblins
  3 jackals (D:3)
  3 quokkas
  3 giant newts
  4 goblins
  4 kobolds
  4 rats
52 creatures vanquished.

Notes
Turn   | Place    | Note
--------------------------------------------------------------
     0 | D:1      | shmeve the Formicid Fighter began the quest for the Orb.
     0 | D:1      | Reached XP level 1. HP: 18/18 MP: 1/1
    55 | D:1      | Reached XP level 2. HP: 19/24 MP: 2/2
   575 | D:2      | Reached XP level 3. HP: 28/29 MP: 3/3
   640 | D:2      | Found a radiant altar of Vehumet.
   640 | D:2      | Found a burning altar of Makhleb.
   679 | D:2      | Reached XP level 4. HP: 28/36 MP: 4/4
  1253 | D:3      | Reached skill level 1 in Dodging
  1253 | D:3      | Reached XP level 5. HP: 39/42 MP: 5/5
  1815 | D:3      | Killed from afar by an orc priest

Skill      XL: |  1  2  3  4  5 |
---------------+----------------+-----
Shields        | 4 |  4.6
Axes           | 3 |  3.3
Dodging        | 1 |  1.0
Fighting       | 4 |  4.1
Armour         | |  3.8

Action                   |  1- 3 |  4- 6 || total
-------------------------+-------+-------++-------
Melee: War axe           |    62 |   119 ||   181
  Use: Scroll            |       |     5 ||     5
  Eat: Chunk             |       |     3 ||     3
Armor: Scale mail        |    33 |    53 ||    86
Dodge: Dodged            |    34 |    51 ||    85
Block: Shield            |    44 |    73 ||   117
